 Dungeon Crawl Stone Soup version 0.18.1-50-g88ac8fd (webtiles) character file.

2027 Gianozzolo the Transmogrifier (level 9, -4/72 (73) HPs)
             Began as a Naga Transmuter on Nov 13, 2017.
             Was an Initiate of Cheibriados.
             Slain by a troll (6 damage)
             ... on level 7 of the Dungeon.
             The game lasted 00:15:10 (6032 turns).

Gianozzolo the Transmogrifier (Naga Transmuter)     Turns: 6032, Time: 00:15:11

HP:   -4/72 (73)    AC:  4    Str: 19    XL:     9   Next: 23%
MP:   4/12          EV: 10    Int: 17    God:    Cheibriados [......]
Gold: 280           SH:  0    Dex: 12    Spells: 3 memorised, 3 levels left

rFire  . . .     SeeInvis +       - Unarmed
rCold  . . .     Gourm    .     b - +0 robe
rNeg   . . .     Faith    .     (shield currently unavailable)
rPois  +         Spirit   .     (no helmet)
rElec  .         Dismiss  .     (no cloak)
rCorr  .         Reflect  .     (gloves currently unavailable)
SustAt .         Harm     .     (no barding)
MR     +....                    (no amulet)
Stlth  +.........               F - +4 ring of slaying
                                e - +4 ring of strength

@: blade hands, very slow, somewhat resistant to hostile enchantments, very
unstealthy
A: see invisible, deformed body, poison resistance, slowness 2, slow metabolism
1, spit poison 2, AC +3
a: Spit Poison, End Transformation, Bend Time, Renounce Religion


You were on level 7 of the Dungeon.
You worshipped Cheibriados.
Cheibriados was noncommittal.
You were hungry.
You had blades for hands.
You visited 2 branches of the dungeon, and saw 8 of its levels.

You collected 280 gold pieces.

Inventory:

Armour
 b - a +0 robe (worn)
 n - a +0 pair of gloves (melded)
Jewellery
 e - a +4 ring of strength (left scythe-like blade)
 p - an uncursed ring of protection from magic
 F - a +4 ring of slaying (right scythe-like blade)
 J - the amulet of the Four Winds {rN+ MR+++ Clar}
   (You found it on level 7 of the Dungeon)

   [amulet of nothing]

   It protects you from negative energy.
   It affects your resistance to hostile enchantments.
   It protects you against confusion.
Wands
 x - a wand of disintegration (8/24)
Scrolls
 f - a scroll of blinking {unknown}
 g - 2 scrolls of magic mapping
 i - a scroll of fear {unknown}
 l - a scroll of noise {unknown}
 r - 3 scrolls of remove curse
 u - 2 scrolls of immolation {unknown}
 v - a scroll of fog
 w - 2 scrolls of amnesia
 y - 3 scrolls of enchant weapon {unknown}
 A - a scroll of holy word {unknown}
 D - 2 scrolls of recharging {unknown}
 E - a scroll of enchant armour {unknown}
 K - a scroll of random uselessness {unknown}
Potions
 a - a potion of agility
 h - a potion of resistance
 k - a potion of brilliance
 m - a potion of haste {unknown}
 o - 6 potions of curing
 q - a potion of invisibility {unknown}
 s - a potion of might
 z - 3 potions of ambrosia
 B - a potion of cancellation
 C - a potion of heal wounds
 G - a potion of magic
Books
 c - a book of Changes

   Spells                             Type                      Level
   a - Beastly Appendage              Transmutation                1
   b - Sticks to Snakes               Transmutation                2
   c - Spider Form                    Transmutation/Poison         3
   d - Ice Form                       Ice/Transmutation            4
   e - Blade Hands                    Transmutation                5
 H - a book of Battle

   Spells                             Type                      Level
   a - Infusion                       Charms                       1
   b - Shroud of Golubria             Charms/Translocation         2
   c - Song of Slaying                Charms                       2
   d - Spectral Weapon                Hexes/Charms                 3
   e - Regeneration                   Charms/Necromancy            3
 L - a book of Enchantments

   Spells                             Type                      Level
   a - Cause Fear                     Hexes                        4
   b - Yara's Violent Unravelling     Hexes/Transmutation          5
   c - Silence                        Hexes/Air                    5
   d - Deflect Missiles               Charms/Air                   6
   e - Haste                          Charms                       6
   f - Discord                        Hexes                        8
Comestibles
 d - 3 bread rations
 j - 4 beef jerkies
 t - 5 meat rations
 I - a royal jelly
 M - a chunk of flesh


   Skills:
 + Level 2.0 Fighting
 - Level 1.5 Dodging
 * Level 6.5 Unarmed Combat
 + Level 2.3 Spellcasting
 - Level 10.0 Transmutations
 - Level 2.0 Poison Magic


You had 3 spell levels left.
You knew the following spells:

 Your Spells              Type           Power        Failure   Level  Hunger
a - Beastly Appendage     Trmt           #####.       12%         1    #......
b - Spider Form           Trmt/Pois      ###.......   36%         3    ###....
c - Blade Hands           Trmt           #####.....   45%         5    ######.


Dungeon Overview and Level Annotations

Branches:
Dungeon (7/15)             Temple (1/1) D:6

Altars:
Ashenzari
Cheibriados
Dithmenos
Elyvilon
Fedhas
Kikubaaqudgha
Makhleb
Nemelex Xobeh
Okawaru
Ru
Sif Muna
Trog
Vehumet
Zin
The Shining One


Innate Abilities, Weirdness & Mutations

You cannot wear boots.
Your serpentine skin is tough (AC +3).
You have supernaturally acute eyesight.
Armour fits poorly on your strangely shaped body.
Your system is resistant to poisons.
You cover ground very slowly.
You have a slow metabolism.
You can spit poison.


Message History

A troll comes into view.
The troll shouts!
Found 18 gold pieces.
Your transformation has ended.
Your +0 pair of gloves unmelds from your body.
Your +0 robe unmelds from your body.
You hear the slow hiss of an avalanche of sand nearby.
Casting: Spider Form
Confirm with . or Enter, or press ? or * to list all spells.
Your hands turn into razor-sharp scythe blades.
Your +0 pair of gloves melds into your body.
You are feeling hungry.
The troll bites you. The troll claws you!
The troll claws you but does no damage.
You hit the troll but do no damage. The troll bites you!
* * * LOW HITPOINT WARNING * * *
The troll claws you!
* * * LOW HITPOINT WARNING * * *
The troll claws you.
You die...

..## #........ . ..#
#......... .. ##.#
#......... ...
##..######.........
....###........#.........
.$...#.........#.........
#...........#.........
+.......T@<)........
#.........#.).......
##.........#)[.......
#.....)....#.........
#....).....#.........
#....#######.........
####.# #......... #.####
#....>.... ######....#
#.........


You could see a troll.

Vanquished Creatures
  Sigmund (D:3)
  A sky beast (D:6)
  The ghost of Gianozzolo the Changer, an amateur NaTm (D:3)
  A necrophage (D:5)
  4 ogres
  2 centaurs
  A scorpion (D:5)
  6 wights
  A crimson imp (D:7)
  A jelly (D:6)
  3 hounds
  4 orc priests
  Jessica (D:3)
  5 worker ants
  6 orc wizards
  A howler monkey zombie (D:6)
  A howler monkey skeleton (D:5)
  4 gnolls (D:4)
  5 adders
  An ooze (D:6)
  An adder skeleton (D:4)
  4 worms
  A dart slug (D:2)
  4 giant geckos
  18 orcs
  4 giant cockroaches
  9 goblins
  8 hobgoblins
  11 jackals
  12 kobolds
  4 quokkas
  A ball python (D:5)
  7 bats
  A giant gecko skeleton (D:6)
  6 giant newts
  A quokka zombie (D:5)
  13 rats
155 creatures vanquished.

Notes
Turn   | Place    | Note
--------------------------------------------------------------
     0 | D:1      | Gianozzolo the Naga Transmuter began the quest for the Orb.
     0 | D:1      | Reached XP level 1. HP: 18/18 MP: 3/3
   140 | D:1      | Reached XP level 2. HP: 7/25 MP: 3/5
  1165 | D:2      | Reached skill level 3 in Transmutations
  1201 | D:2      | Reached XP level 3. HP: 21/31 MP: 4/6
  1229 | D:2      | Learned a level 3 spell: Spider Form
  1845 | D:2      | Reached skill level 1 in Poison Magic
  2041 | D:3      | Reached XP level 4. HP: 32/38 MP: 1/7
  2157 | D:3      | Found a glowing golden altar of the Shining One.
  2222 | D:3      | Noticed Gianozzolo's ghost (amateur NaTm)
  2274 | D:2      | HP: 1/38 [hound (2)]
  2859 | D:2      | Reached skill level 4 in Transmutations
  2930 | D:3      | Noticed Jessica
  2931 | D:3      | Reached XP level 5. HP: 40/44 MP: 8/8
  2937 | D:3      | Noticed Sigmund
  2938 | D:3      | Killed Jessica
  2953 | D:3      | Killed Sigmund
  2953 | D:3      | Reached skill level 5 in Transmutations
  2953 | D:3      | Reached XP level 6. HP: 33/51 MP: 7/9
  3179 | D:3      | Killed Gianozzolo's ghost
  3252 | D:3      | Found a burning altar of Makhleb.
  3252 | D:3      | Noticed a blizzard demon
  3777 | D:4      | Learned a level 5 spell: Blade Hands
  3862 | D:4      | Reached XP level 7. HP: 57/57 MP: 6/10
  3905 | D:4      | Reached skill level 5 in Unarmed Combat
  3905 | D:4      | Reached skill level 6 in Transmutations
  4402 | D:4      | Reached skill level 7 in Transmutations
  4510 | D:4      | Found a white marble altar of Elyvilon.
  4528 | D:4      | Reached XP level 8. HP: 62/64 MP: 7/11
  4619 | D:5      | Entered Level 5 of the Dungeon
  4770 | D:5      | Found a sacrificial altar of Ru.
  4770 | D:5      | Found a shattered altar of Ashenzari.
  4794 | D:5      | Found a shadowy altar of Dithmenos.
  4796 | D:5      | Found an iron altar of Okawaru.
  4797 | D:5      | Found a bloodstained altar of Trog.
  4847 | D:5      | Reached skill level 8 in Transmutations
  4862 | D:5      | Found a radiant altar of Vehumet.
  5282 | D:6      | Reached skill level 9 in Transmutations
  5354 | D:6      | Found a deep blue altar of Sif Muna.
  5630 | D:6      | Found a sparkling altar of Nemelex Xobeh.
  5696 | D:6      | Found a blossoming altar of Fedhas.
  5697 | D:6      | Found an ancient bone altar of Kikubaaqudgha.
  5722 | D:6      | Reached XP level 9. HP: 61/69 MP: 8/12
  5758 | D:6      | Reached skill level 10 in Transmutations
  5775 | D:6      | Found a staircase to the Ecumenical Temple.
  5882 | Temple   | Entered the Ecumenical Temple
  5889 | Temple   | Became a worshipper of Cheibriados the Contemplative
  6022 | D:7      | Noticed a troll
  6032 | D:7      | HP: 2/72 [troll (10)]
  6032 | D:7      | Slain by a troll

Skill      XL: |  1  2  3  4  5  6  7  8  9 |
---------------+----------------------------+-----
Transmutations | 3 4 5 7 9 10 | 10.0
Poison Magic   | 1 2 |  2.0
Unarmed Combat | 4 5 6 |  6.5
Fighting       | 2 |  2.0
Dodging        | |  1.5
Spellcasting   | |  2.3

Action                   |  1- 3 |  4- 6 |  7- 9 || total
-------------------------+-------+-------+-------++-------
Melee: Unarmed           |   156 |   150 |   201 ||   507
       Punch             |     5 |     1 |     1 ||     7
       Headbutt          |    11 |     7 |     5 ||    23
 Cast: Beastly Appendage |    29 |    10 |     9 ||    48
       Spider Form       |     2 |    10 |    14 ||    26
       Blade Hands       |       |       |     3 ||     3
 Abil: Spit Poison       |     8 |     5 |     6 ||    19
  Use: Scroll            |       |     3 |    10 ||    13
 Stab: Sleeping          |     1 |       |       ||     1
  Eat: Chunk             |     4 |     5 |    10 ||    19
       Royal jelly       |       |       |     1 ||     1
Armor: Robe              |    35 |    28 |    24 ||    87
       Skin              |     3 |     2 |     3 ||     8
Dodge: Dodged            |   128 |   119 |   148 ||   395
